[Event "42nd Olympiad Baku 2016 Women"]
[Site "Baku"]
[Date "2016.09.03"]
[Round "2.12"]
[White "Mukhit, Aisezym"]
[Black "Deur Saric, Zrinka"]
[Result "0-1"]
[ECO "B25"]
[WhiteElo "2065"]
[BlackElo "2185"]
[Annotator ""]
[PlyCount "80"]
[EventDate "2016.??.??"]
[EventCountry "AZE"]
[SourceTitle "playchess.com"]
[Source "ChessBase"]
[WhiteTeam "Kazakhstan"]
[BlackTeam "Croatia"]
[WhiteTeamCountry "KAZ"]
[BlackTeamCountry "CRO"]
[TimeControl "40/5400+30:1800+30"]

1. e4 {(00:00)} c5 {(00:00)} 2. Nc3 {(00:08)} d6 {(
00:17)} 3. g3 {(01:27)} Nc6 {(00:51)} 4. Bg2 {(01:07)} g6
{(01:16)} 5. d3 {(03:32)} Bg7 {(00:46)} 6. Nge2 {(
03:03)} Bd7 {(09:47)} 7. Bg5 {(15:01)} h6 {(04:54)} 8. Be3
{(01:14)} Nf6 {(00:14)} 9. h3 {(01:40)} O-O {(09:
54)} 10. Qd2 {(10:31)} Kh7 {(02:36)} 11. O-O {(02:15)} Qc8
{(10:45)} 12. Kh2 {(04:40)} Nd4 {(10:39)} 13. f4 {(
22:50)} Bc6 {(12:13)} 14. Rab1 {(14:50)} Nxe2 {(15:47)}
15. Qxe2 {(00:51)} b5 {(02:33)} 16. e5 {(04:14)} Ne8 {
(04:59)} 17. d4 {(03:50)} Bxg2 18. Qxg2 {(00:05)} Rb8 {
(02:17)} 19. Nd5 {(01:39)} e6 {(01:29)} 20. Nc3 {(
01:23)} b4 {(02:46)} 21. Ne4 {(00:39)} cxd4 {(01:46)} 22.
Bxd4 {(00:07)} Rb5 {(00:49)} 23. Rbd1 {(02:34)} dxe5 {
(00:49)} 24. Qe2 {(02:12)} exd4 {(01:04)} 25. Qxb5 {
(00:17)} Qxc2+ {(00:04)} 26. Nf2 {(00:29)} Qxb2 {(
00:34)} 27. Rb1 {(00:35)} Qxa2 {(00:37)} 28. Qxb4 {(01:05]
} a5 {(00:58)} 29. Qc5 {(00:41)} Nf6 {(00:25)} 30. Ra1 {
(00:32)} Qe2 {(00:09)} 31. Qxa5 {(00:59)} Nd5 {(00:
58)} 32. Rae1 {(00:21)} Qc2 {(00:21)} 33. Rc1 {(00:25)}
Qb2 {(00:56)} 34. Rb1 {(00:33)} Qe2 {(00:22)} 35. Rbe1 {
(00:23)} Qc4 {(00:52)} 36. Rc1 {(00:37)} Nc3 {(00:
32)} 37. Rfe1 {(00:57)} Qb3 {(00:45)} 38. Nd3 {(00:37)}
Qb7 {(00:25)} 39. Ne5 {(00:34)} Ra8 {(00:42)} 40. Qc5 {
(00:00)} Ra2+ {(00:00)} 0-1

[Event "42nd Olympiad Baku 2016 Women"]
[Site "Baku"]
[Date "2016.09.03"]
[Round "2.25"]
[White "Muminova, Nafisa"]
[Black "Goossens, Hanne"]
[Result "1/2-1/2"]
[ECO "B49"]
[WhiteElo "2324"]
[BlackElo "2149"]
[Annotator ""]
[PlyCount "86"]
[EventDate "2016.??.??"]
[EventCountry "AZE"]
[SourceTitle "playchess.com"]
[Source "ChessBase"]
[WhiteTeam "Uzbekistan"]
[BlackTeam "Belgium"]
[WhiteTeamCountry "UZB"]
[BlackTeamCountry "BEL"]
[TimeControl "40/5400+30:1800+30"]

1. e4 {(00:00)} c5 {(00:00)} 2. Nf3 {(00:00)} e6 {(
00:00)} 3. d4 {(00:01)} cxd4 {(00:00)} 4. Nxd4 {(00:03)}
Nc6 {(00:38)} 5. Nc3 {(02:22)} Qc7 {(00:12)} 6. Be3 {
(02:56)} a6 {(00:43)} 7. Be2 {(02:25)} Nf6 {(03:46]
} 8. Nxc6 {(08:31)} bxc6 {(05:08)} 9. O-O {(07:38)} d5 {
(02:23)} 10. exd5 {(08:48)} cxd5 {(03:24)} 11. Na4 {
(05:22)} Bb7 {(11:37)} 12. Bb6 {(14:23)} Qc6 {(06:
54)} 13. c4 {(05:28)} dxc4 {(08:27)} 14. Bf3 {(00:14)} Nd5
{(06:29)} 15. Rc1 {(10:15)} Qb5 {(15:40)} 16. b3 {(
06:12)} c3 {(07:36)} 17. Qd4 {(05:34)} Be7 {(05:19)} 18.
Nxc3 {(07:36)} Qxb6 {(16:22)} 19. Qxb6 {(00:40)} Nxb6 {
(00:04)} 20. Bxb7 {(00:05)} Ra7 {(00:15)} 21. Bc6+ {
(01:07)} Kf8 {(00:23)} 22. Na4 {(05:57)} Nxa4 {(01:
45)} 23. Bxa4 {(00:05)} g6 {(00:12)} 24. g3 {(00:41)} Kg7
{(00:27)} 25. Rfd1 {(00:11)} h5 {(01:09)} 26. h4 {(
00:41)} Rb8 {(00:29)} 27. Rc4 {(01:14)} a5 {(01:05)} 28.
Rd3 {(01:16)} Rd8 {(00:55)} 29. Rxd8 {(00:49)} Bxd8 {
(00:05)} 30. Kf1 {(00:12)} Rc7 {(01:31)} 31. Rxc7 {
(01:44)} Bxc7 {(00:04)} 32. f4 {(01:08)} e5 {(01:
20)} 33. fxe5 {(00:19)} Bxe5 {(00:03)} 34. Kf2 {(00:04)}
Kf6 {(00:31)} 35. Kf3 {(00:07)} Ke6 {(00:27)} 36. Bb5 {
(00:16)} f5 {(00:44)} 37. Bc4+ {(00:29)} Kf6 {(00:
08)} 38. Bd5 {(00:21)} Bd6 {(00:15)} 39. Bc4 {(00:15)} Bb4
{(00:07)} 40. Bd5 {(00:00)} Ke5 {(00:00)} 41. Bf7 {
(00:27)} Kf6 {(00:22)} 42. Bd5 {(00:14)} Bd6 {(03:
16)} 43. Bc4 {(00:27)} Bc5 1/2-1/2

[Event "42nd Olympiad Baku 2016 Women"]
[Site "Baku"]
[Date "2016.09.03"]
[Round "2.26"]
[White "Murray, Donna"]
[Black "Miller, Rachel"]
[Result "0-1"]
[ECO "A58"]
[WhiteElo "1419"]
[BlackElo "1971"]
[Annotator ""]
[PlyCount "68"]
[EventDate "2016.??.??"]
[EventCountry "AZE"]
[SourceTitle "playchess.com"]
[Source "ChessBase"]
[WhiteTeam "Barbados"]
[BlackTeam "Jamaica"]
[WhiteTeamCountry "BAR"]
[BlackTeamCountry "JAM"]
[TimeControl "40/5400+30:1800+30"]

1. d4 {(00:00)} Nf6 {(00:00)} 2. c4 {(00:00)} c5 {(
00:19)} 3. d5 {(00:19)} b5 {(00:19)} 4. cxb5 {(00:44)} a6
{(00:20)} 5. bxa6 {(00:21)} g6 {(00:24)} 6. Nc3 {(
00:50)} Bxa6 {(00:22)} 7. Nf3 {(04:06)} d6 {(03:08)} 8. e4
{(01:50)} Bxf1 9. Kxf1 {(00:36)} Nbd7 {(00:45)} 10. g3 {
(02:17)} Bg7 {(00:33)} 11. Kg2 {(00:20)} O-O {(00:
49)} 12. a4 {(01:00)} Ng4 {(08:54)} 13. Bd2 {(02:56)} Qb6
{(05:27)} 14. Qc2 {(05:38)} Nde5 {(31:37)} 15. Nb5 {
(05:36)} Nxf3 {(17:51)} 16. Kxf3 {(00:35)} f5 {(00:
41)} 17. Bc3 {(02:14)} Ne5+ {(00:29)} 18. Kg2 {(00:59)}
fxe4 {(07:48)} 19. Qxe4 {(01:57)} Rf7 {(04:34)} 20. f4 {
(03:32)} Nd7 {(01:51)} 21. Bxg7 {(00:41)} Kxg7 {(
00:07)} 22. b3 {(01:20)} Nf6 {(00:15)} 23. Qe6 {(04:06)}
Qa5 {(00:23)} 24. Rhd1 {(02:11)} Qb4 {(00:39)} 25. Rab1 {
(01:31)} c4 {(00:45)} 26. Rd4 {(09:39)} Rxa4 {(00:
19)} 27. Rxc4 {(03:05)} Qd2+ {(00:07)} 28. Kh1 {(13:23)}
Ra2 {(00:14)} 29. Qh3 {(00:18)} Ng4 {(07:52)} 30. Rf1 {
(11:54)} Nf2+ {(00:08)} 31. Rxf2 {(00:46)} Qxf2 {(
00:09)} 32. Rc1 {(00:54)} Qf3+ {(00:02)} 33. Kg1 {(02:23)}
Qe3+ {(00:04)} 34. Kh1 {(00:52)} Qxc1+ {(00:04)} 0-1

[Event "42nd Olympiad Baku 2016 Women"]
[Site "Baku"]
[Date "2016.09.03"]
[Round "2.5"]
[White "Muzychuk, Anna"]
[Black "Baciu, Diana"]
[Result "1/2-1/2"]
[ECO "A06"]
[WhiteElo "2550"]
[BlackElo "2279"]
[Annotator ""]
[PlyCount "61"]
[EventDate "2016.??.??"]
[EventCountry "AZE"]
[SourceTitle "playchess.com"]
[Source "ChessBase"]
[WhiteTeam "Ukraine"]
[BlackTeam "Moldova"]
[WhiteTeamCountry "UKR"]
[BlackTeamCountry "MDA"]
[TimeControl "40/5400+30:1800+30"]

1. Nf3 {(00:00)} d5 {(00:00)} 2. g3 {(00:00)} Nf6 {
(00:25)} 3. Bg2 {(00:00)} Nbd7 {(01:09)} 4. c4 {(
00:11)} dxc4 {(04:18)} 5. Na3 {(00:16)} e5 {(02:44)} 6.
Nxc4 {(04:54)} Bc5 {(02:14)} 7. O-O {(14:42)} Qe7 {
(00:51)} 8. d4 {(03:18)} exd4 {(00:07)} 9. Nxd4 {(
00:22)} Nb6 {(06:20)} 10. Na5 {(13:02)} O-O {(03:38)} 11.
Bxb7 {(08:33)} Bxb7 {(04:25)} 12. Nxb7 {(00:06)} Bxd4 {
(00:40)} 13. Qxd4 {(00:06)} Qxe2 {(04:57)} 14. Bg5 {
(02:49)} Nfd5 {(03:06)} 15. Rfe1 {(03:26)} Qf3 {(
02:57)} 16. a4 {(12:38)} h6 {(05:23)} 17. Bd2 {(02:43)}
Nf6 {(01:31)} 18. Nc5 {(01:26)} Rfd8 {(01:53)} 19. Qc3 {
(02:28)} Qf5 {(05:46)} 20. Re2 {(05:50)} Rd5 {(04:
11)} 21. Rc1 {(01:03)} Rad8 {(05:45)} 22. b3 {(05:16)} Ng4
{(11:16)} 23. f4 {(06:51)} Nd7 {(03:43)} 24. Nb7 {(
02:49)} Rc8 {(06:13)} 25. Rce1 {(02:50)} c5 {(04:11)} 26.
Qc4 {(03:36)} Nb6 {(01:05)} 27. Qa6 {(00:20)} Qc2 {
(03:39)} 28. Be3 {(03:30)} Qxb3 {(01:58)} 29. a5 {(
00:18)} Qc4 {(08:46)} 30. Qxa7 {(00:32)} Nd7 {(00:01)} 31.
a6 {(00:50)} 1/2-1/2

[Event "42nd Olympiad Baku 2016 Women"]
[Site "Baku"]
[Date "2016.09.03"]
[Round "2.14"]
[White "Myronenko, Natalya"]
[Black "Baktach, Nesrine"]
[Result "1-0"]
[ECO "C02"]
[WhiteElo "1922"]
[BlackElo "1637"]
[Annotator ""]
[PlyCount "95"]
[EventDate "2016.??.??"]
[EventCountry "AZE"]
[SourceTitle "playchess.com"]
[Source "ChessBase"]
[WhiteTeam "ICCD"]
[BlackTeam "TUN"]
[WhiteTeamCountry "UKR"]
[BlackTeamCountry "TUN"]
[TimeControl "40/5400+30:1800+30"]

1. e4 {(00:00)} e6 {(00:00)} 2. d4 {(00:00)} d5 {(
00:00)} 3. e5 {(00:07)} c5 {(00:00)} 4. c3 {(00:02)} Nc6 {
(00:00)} 5. Nf3 {(00:08)} Bd7 {(00:31)} 6. Be2 {(
00:47)} Nge7 {(01:42)} 7. Na3 {(00:53)} cxd4 {(00:20)} 8.
cxd4 {(00:05)} Nf5 {(01:46)} 9. Nc2 {(00:38)} Qb6 {
(02:07)} 10. O-O {(01:01)} Na5 {(02:41)} 11. Bd3 {(
02:31)} Bb5 {(05:19)} 12. Re1 {(01:59)} Bxd3 {(00:43)} 13.
Qxd3 {(00:08)} Nc6 {(06:17)} 14. a3 {(03:57)} O-O-O {
(04:34)} 15. b4 {(02:07)} Kb8 {(01:24)} 16. Bd2 {(
02:37)} Ka8 {(03:12)} 17. a4 {(09:39)} Qc7 {(05:38)} 18.
a5 {(02:26)} Rc8 {(03:53)} 19. Rec1 {(10:19)} Qd8 {
(01:42)} 20. b5 {(02:24)} Nb8 {(01:31)} 21. a6 {(
09:35)} b6 {(01:18)} 22. Nb4 {(01:45)} Bxb4 {(00:56)} 23.
Bxb4 {(01:20)} h6 {(04:41)} 24. Ba3 {(04:48)} g5 {(
11:10)} 25. Rxc8 {(01:47)} Qxc8 {(00:05)} 26. g4 {(07:19)}
Ng7 {(01:31)} 27. Rc1 {(00:40)} Qd7 {(00:33)} 28. Bd6 {
(07:10)} Ne8 {(02:47)} 29. Qc3 {(07:28)} Nxd6 {(16:
21)} 30. exd6 {(00:06)} Qxd6 {(08:15)} 31. Ne5 {(04:43)}
Rf8 {(02:55)} 32. Qc7 {(01:25)} Qxc7 {(01:40)} 33. Rxc7 {
(00:03)} f6 {(05:33)} 34. Nf7 {(01:09)} Re8 {(02:
22)} 35. Nxh6 {(00:55)} e5 {(00:50)} 36. dxe5 {(00:55)}
Rxe5 {(00:59)} 37. Nf7 {(00:16)} Re1+ {(00:25)} 38. Kg2 {
(00:02)} d4 {(02:20)} 39. Nd6 {(01:29)} d3 {(00:46]
} 40. Nc8 {(00:00)} Nxa6 {(00:00)} 41. bxa6 {(04:09)} d2 {
(02:10)} 42. Nd6 {(00:47)} Rc1 {(08:49)} 43. Nc4 {(
00:40)} Kb8 {(01:55)} 44. Rb7+ {(00:11)} Ka8 {(03:00)} 45.
Nxd2 {(01:43)} Ra1 {(00:19)} 46. Ne4 {(03:14)} Rxa6 {
(00:26)} 47. Rf7 {(00:23)} b5 {(00:54)} 48. Nc5 {(
00:16)} 1-0

[Event "42nd Olympiad Baku 2016 Women"]
[Site "Baku"]
[Date "2016.09.03"]
[Round "2.20"]
[White "Narva, Triin"]
[Black "Aranaz Murillo, Amalia"]
[Result "1-0"]
[ECO "B18"]
[WhiteElo "2023"]
[BlackElo "2279"]
[Annotator ""]
[PlyCount "117"]
[EventDate "2016.??.??"]
[EventCountry "AZE"]
[SourceTitle "playchess.com"]
[Source "ChessBase"]
[WhiteTeam "Estonia"]
[BlackTeam "Spain"]
[WhiteTeamCountry "EST"]
[BlackTeamCountry "ESP"]
[TimeControl "40/5400+30:1800+30"]

1. e4 {(00:00)} c6 {(00:00)} 2. d4 {(00:07)} d5 {(
00:31)} 3. Nd2 {(00:45)} dxe4 {(00:46)} 4. Nxe4 {(00:19)}
Bf5 {(00:06)} 5. Ng3 {(00:27)} Bg6 {(00:15)} 6. h4 {
(00:54)} h6 {(00:07)} 7. Nf3 {(00:05)} e6 {(02:07)}
8. Ne5 {(01:05)} Bh7 {(00:07)} 9. Bd3 {(04:32)} Bxd3 {
(00:40)} 10. Qxd3 {(00:07)} Nd7 {(01:32)} 11. f4 {(
01:06)} Be7 {(03:42)} 12. Bd2 {(12:44)} Ngf6 {(02:21)} 13.
O-O-O {(04:56)} O-O {(01:09)} 14. c3 {(09:25)} c5 {
(08:52)} 15. Be3 {(09:09)} Qa5 {(07:49)} 16. Ne4 {(
29:53)} Qxa2 {(39:06)} 17. g4 {(08:58)} c4 {(05:17)} 18.
Nxf6+ {(08:14)} Nxf6 {(00:12)} 19. Qc2 {(02:12)} Nd5 {
(01:46)} 20. Kd2 {(00:59)} b5 {(04:41)} 21. Ra1 {(
02:39)} Qb3 {(00:07)} 22. Qxb3 {(00:42)} cxb3 {(00:04)}
23. Nc6 {(01:17)} Bd6 {(00:23)} 24. Rhf1 {(00:42)} a6 {
(02:10)} 25. Na5 {(00:23)} Rfc8 {(03:08)} 26. Kd3 {
(00:31)} Rab8 {(03:38)} 27. Nxb3 {(00:42)} b4 {(00:
31)} 28. c4 {(00:27)} Nxe3 {(01:25)} 29. Kxe3 {(00:02)}
Rxc4 {(00:06)} 30. Rxa6 {(00:08)} Be7 {(00:16)} 31. Kd3 {
(00:21)} Rc7 {(00:28)} 32. g5 {(00:20)} h5 {(00:21]
} 33. Rfa1 {(01:33)} Kh7 {(02:01)} 34. Ra7 {(00:29)} Rbc8
{(00:07)} 35. Rxc7 {(00:27)} Rxc7 {(00:05)} 36. Rc1 {
(00:40)} Rd7 {(01:19)} 37. Ke4 {(00:33)} Kg6 {(02:
04)} 38. Ra1 {(00:32)} Bd6 {(01:51)} 39. Ra6 {(00:28)} Rd8
{(01:52)} 40. Rb6 {(00:00)} Bc7 {(00:00)} 41. Rc6 {
(05:23)} Bd6 {(05:35)} 42. Nc5 {(18:30)} Bxc5 {(02:
44)} 43. f5+ {(01:09)} Kh7 {(00:06)} 44. Rxc5 {(00:49)}
Ra8 {(04:24)} 45. g6+ {(02:01)} Kg8 {(01:59)} 46. fxe6 {
(00:50)} fxe6 {(00:10)} 47. Rxh5 {(00:19)} Rb8 {(
00:35)} 48. Rc5 {(00:15)} Kf8 {(00:21)} 49. Ke5 {(01:42)}
Rb6 {(00:09)} 50. Rc7 {(00:26)} b3 {(00:29)} 51. Ra7 {
(00:49)} Rb4 {(00:27)} 52. Rf7+ {(02:10)} Kg8 {(00:
10)} 53. Kxe6 {(00:57)} Rxd4 {(00:35)} 54. Rd7 {(00:40)}
Re4+ {(00:04)} 55. Kd6 {(00:59)} Re8 {(00:08)} 56. Rb7 {
(01:01)} Rf8 {(00:53)} 57. h5 {(00:17)} Rf6+ {(01:
22)} 58. Ke7 {(00:13)} Rf8 {(00:16)} 59. Rxb3 {(00:16)}
1-0

[Event "42nd Olympiad Baku 2016 Women"]
[Site "Baku"]
[Date "2016.09.03"]
[Round "2.18"]
[White "Nasriddinzoda, Marvorii"]
[Black "Albzoor, Anwar"]
[Result "1-0"]
[ECO "D03"]
[WhiteElo "2073"]
[BlackElo "1570"]
[Annotator ""]
[PlyCount "63"]
[EventDate "2016.??.??"]
[EventCountry "AZE"]
[SourceTitle "playchess.com"]
[Source "ChessBase"]
[WhiteTeam "Tajikistan"]
[BlackTeam "Palestine"]
[WhiteTeamCountry "TJK"]
[BlackTeamCountry "PLE"]
[TimeControl "40/5400+30:1800+30"]

1. Nf3 {(00:00)} Nf6 {(00:00)} 2. d4 {(00:00)} d5 {
(00:00)} 3. Bg5 {(00:38)} e6 {(01:50)} 4. e3 {(00:
12)} Be7 {(00:16)} 5. Bd3 {(00:25)} Nbd7 {(01:27)} 6. Nbd2
{(01:06)} O-O {(01:16)} 7. O-O {(01:08)} c5 {(04:
08)} 8. c3 {(00:24)} b6 {(01:34)} 9. Ne5 {(01:07)} h6 {
(01:49)} 10. Bh4 {(04:56)} Bb7 {(03:41)} 11. f4 {(
01:37)} Ne4 {(04:07)} 12. Bxe7 {(05:03)} Qxe7 {(00:17)}
13. Ndf3 {(01:14)} Ndf6 {(03:46)} 14. Qe2 {(05:07)} Rac8 {
(05:34)} 15. g4 {(23:09)} cxd4 {(16:32)} 16. exd4 {
(03:24)} Qc7 {(17:56)} 17. Kh1 {(05:53)} h5 {(08:
46)} 18. g5 {(05:33)} Ng4 {(04:22)} 19. Nxg4 {(13:07)}
hxg4 {(00:47)} 20. Ne5 {(01:01)} g3 {(04:38)} 21. Bxe4 {
(02:56)} dxe4 {(00:32)} 22. hxg3 {(00:09)} f6 {(11:
26)} 23. gxf6 {(02:57)} Rxf6 {(01:40)} 24. Qe3 {(01:26)}
Rh6+ {(01:10)} 25. Kg2 {(00:01)} Rf8 {(02:50)} 26. Rh1 {
(00:40)} Rhf6 {(01:26)} 27. Rh5 {(02:07)} Rh6 {(00:
59)} 28. Rah1 {(00:45)} Rxh5 {(00:14)} 29. Rxh5 {(00:03)}
Qe7 {(00:47)} 30. Ng6 {(00:51)} Qf6 {(00:38)} 31. Rh8+ {
(00:07)} Kf7 {(00:05)} 32. Rxf8+ {(00:08)} 1-0

[Event "42nd Olympiad Baku 2016 Women"]
[Site "Baku"]
[Date "2016.09.03"]
[Round "2.32"]
[White "Navrotescu, Andreea-Cristiana"]
[Black "Bernal Hurtado, Constanza"]
[Result "1-0"]
[ECO "E67"]
[WhiteElo "2235"]
[BlackElo "1779"]
[Annotator ""]
[PlyCount "57"]
[EventDate "2016.??.??"]
[EventCountry "AZE"]
[SourceTitle "playchess.com"]
[Source "ChessBase"]
[WhiteTeam "France"]
[BlackTeam "Chile"]
[WhiteTeamCountry "FRA"]
[BlackTeamCountry "CHI"]
[TimeControl "40/5400+30:1800+30"]

1. d4 {(00:00)} Nf6 {(00:00)} 2. c4 {(00:00)} g6 {(
00:01)} 3. g3 {(00:12)} Bg7 {(00:23)} 4. Bg2 {(00:10)} O-O
{(00:25)} 5. Nf3 {(00:11)} d6 {(00:37)} 6. O-O {(
00:18)} Nbd7 {(02:45)} 7. Nc3 {(00:29)} e5 {(01:20)} 8. e3
{(00:21)} c6 {(01:05)} 9. a4 {(03:00)} a5 {(06:58)}
10. b3 {(00:47)} Qc7 {(04:37)} 11. Ba3 {(05:00)} Re8 {
(02:21)} 12. Qc2 {(08:05)} b6 {(19:32)} 13. Rfd1 {(
03:49)} Bf8 {(07:49)} 14. Ng5 {(07:32)} Bb7 {(07:47)} 15.
Nge4 {(06:35)} Nxe4 {(11:16)} 16. Nxe4 {(00:18)} f5 {
(05:56)} 17. Ng5 {(20:41)} Rad8 {(19:23)} 18. e4 {(
03:37)} fxe4 {(01:22)} 19. Bxe4 {(03:55)} Nf6 {(03:25)}
20. dxe5 {(00:08)} Nxe4 {(01:53)} 21. Nxe4 {(00:20)} Rxe5
{(00:57)} 22. Bb2 {(01:00)} Re6 {(00:30)} 23. Nf6+ {
(00:22)} Rxf6 {(00:28)} 24. Bxf6 {(00:02)} Re8 {(
00:32)} 25. Bb2 {(01:11)} Bc8 {(00:27)} 26. Qc3 {(00:14)}
Bg7 {(00:14)} 27. Qxg7+ {(00:06)} Qxg7 {(00:13)} 28. Bxg7
{(00:02)} Kxg7 {(00:10)} 29. Rxd6 {(00:02)} 1-0

[Event "42nd Olympiad Baku 2016 Women"]
[Site "Baku"]
[Date "2016.09.03"]
[Round "2.25"]
[White "Nazarova, Anastasia"]
[Black "Ishizuka, Mirai"]
[Result "1-0"]
[ECO "B78"]
[WhiteElo "1897"]
[BlackElo "1778"]
[Annotator ""]
[PlyCount "87"]
[EventDate "2016.??.??"]
[EventCountry "AZE"]
[SourceTitle "playchess.com"]
[Source "ChessBase"]
[WhiteTeam "Finland"]
[BlackTeam "Japan"]
[WhiteTeamCountry "FIN"]
[BlackTeamCountry "JPN"]
[TimeControl "40/5400+30:1800+30"]

1. e4 {(00:00)} c5 {(00:00)} 2. Nf3 {(00:00)} d6 {(
00:00)} 3. d4 {(00:00)} Nf6 {(00:00)} 4. Nc3 {(00:00)}
cxd4 {(00:07)} 5. Nxd4 {(00:00)} g6 {(01:56)} 6. Be3 {
(00:07)} Bg7 {(00:04)} 7. f3 {(00:05)} Nc6 {(00:04]
} 8. Qd2 {(06:43)} O-O {(00:56)} 9. Bc4 {(00:18)} Bd7 {
(00:36)} 10. O-O-O {(00:18)} Rb8 {(01:42)} 11. Bb3 {
(08:33)} Na5 {(02:12)} 12. g4 {(04:35)} b5 {(03:10]
} 13. h4 {(19:42)} Nc4 {(10:25)} 14. Bxc4 {(02:01)} bxc4 {
(01:44)} 15. Rdg1 {(15:34)} Qb6 {(12:56)} 16. Nd1 {
(01:03)} Qb7 {(09:47)} 17. h5 {(07:08)} Rfc8 {(13:
24)} 18. c3 {(00:52)} Qa6 {(15:50)} 19. a3 {(02:38)} Rc5 {
(09:20)} 20. hxg6 {(02:11)} fxg6 {(00:13)} 21. g5 {
(02:18)} Nh5 {(00:55)} 22. Nc2 {(08:14)} Ra5 {(02:
35)} 23. f4 {(05:04)} Qb5 {(04:49)} 24. Nb4 {(04:47)} Qb7
{(00:22)} 25. Nf2 {(03:59)} Rb5 {(00:47)} 26. f5 {(
01:22)} a5 {(02:31)} 27. f6 {(00:40)} Bf8 {(02:02)} 28.
Rxh5 {(03:06)} axb4 {(00:59)} 29. cxb4 {(01:15)} gxh5 {
(02:26)} 30. g6 {(00:02)} hxg6 {(01:02)} 31. fxe7 {
(01:12)} Bxe7 {(00:40)} 32. Rxg6+ {(00:12)} Kf7 {(
00:24)} 33. Rh6 {(01:09)} Rg8 {(00:45)} 34. Qd4 {(01:00)}
Qc6 {(01:38)} 35. Nd1 {(00:31)} Bg4 {(00:18)} 36. Nc3 {
(00:15)} Rbb8 {(00:35)} 37. Nd5 {(00:20)} Be6 {(00:
41)} 38. Rh7+ {(00:14)} Kf8 {(00:31)} 39. Bh6+ {(00:31)}
Ke8 {(00:27)} 40. Rxe7+ {(00:00)} Kd8 {(00:00)} 41. Rxe6 {
(00:26)} Re8 {(10:02)} 42. Qf6+ {(05:06)} Kd7 {(07:
14)} 43. Qf7+ {(00:18)} Kd8 {(00:52)} 44. Bg5+ {(00:07)}
1-0

[Event "42nd Olympiad Baku 2016 Women"]
[Site "Baku"]
[Date "2016.09.03"]
[Round "2.35"]
[White "Nepando, Jolly"]
[Black "Melnik, Galina"]
[Result "0-1"]
[ECO "B12"]
[WhiteElo "1517"]
[BlackElo "1915"]
[Annotator ""]
[PlyCount "84"]
[EventDate "2016.??.??"]
[EventCountry "AZE"]
[SourceTitle "playchess.com"]
[Source "ChessBase"]
[WhiteTeam "NAM"]
[BlackTeam "IPCA"]
[WhiteTeamCountry "NAM"]
[BlackTeamCountry "RUS"]
[TimeControl "40/5400+30:1800+30"]

1. e4 {(00:00)} c6 {(00:00)} 2. d4 {(00:16)} g6 {(
00:00)} 3. f4 {(00:40)} d5 {(00:00)} 4. e5 {(00:19)} h5 {
(00:10)} 5. Nf3 {(01:51)} Bg4 {(00:06)} 6. h3 {(02:
05)} Bxf3 {(00:21)} 7. Qxf3 {(00:02)} e6 {(00:10)} 8. g3 {
(00:51)} Nd7 {(02:37)} 9. Bd3 {(01:12)} Qb6 {(01:
08)} 10. Qe3 {(04:18)} c5 {(00:30)} 11. dxc5 {(02:59)}
Bxc5 {(00:11)} 12. Qe2 {(01:03)} Ne7 {(01:00)} 13. c3 {
(07:34)} Nf5 {(00:44)} 14. Qf3 {(05:30)} h4 {(10:
56)} 15. g4 {(06:43)} Ng3 {(00:07)} 16. Rh2 {(02:26)}
O-O-O {(10:47)} 17. Nd2 {(01:53)} Be7 {(22:32)} 18. Rg2 {
(04:07)} Nc5 {(00:50)} 19. Nf1 {(03:44)} Nxd3+ {(
04:37)} 20. Qxd3 {(00:24)} Kb8 {(07:43)} 21. Nxg3 {(01:18]
} hxg3 {(00:13)} 22. Be3 {(05:23)} d4 {(04:30)} 23. Bxd4 {
(06:13)} Qc6 {(00:17)} 24. Qe2 {(07:29)} Rxh3 {(00:
25)} 25. O-O-O {(01:57)} Rdh8 {(05:21)} 26. Rd3 {(09:56)}
Qa4 {(11:22)} 27. Rdxg3 {(05:09)} Rxg3 {(03:19)} 28. Rxg3
{(00:23)} Qxa2 {(00:41)} 29. Rg1 {(01:43)} Qd5 {(
02:51)} 30. Kc2 {(01:27)} Rc8 {(03:51)} 31. Ra1 {(00:31)}
Qxd4 {(00:24)} 32. Qd2 {(00:32)} Qxd2+ {(01:00)} 33. Kxd2
{(00:01)} a6 {(00:09)} 34. g5 {(00:12)} Rd8+ {(00:
32)} 35. Kc2 {(00:02)} Bc5 {(00:13)} 36. Re1 {(00:16)} Kc7
{(00:31)} 37. Re4 {(00:13)} b5 {(01:09)} 38. b4 {(
00:26)} Bg1 {(00:58)} 39. c4 {(00:03)} bxc4 {(01:27)} 40.
Rxc4+ {(00:00)} Kb6 {(00:00)} 41. Re4 {(01:07)} Rd4 {
(00:54)} 42. Re1 {(03:24)} Bh2 {(00:13)} 0-1

[Event "42nd Olympiad Baku 2016 Women"]
[Site "Baku"]
[Date "2016.09.03"]
[Round "2.24"]
[White "Nguyen, Thi Thanh An"]
[Black "Hamid, Rani"]
[Result "1-0"]
[ECO "B40"]
[WhiteElo "2249"]
[BlackElo "1993"]
[Annotator ""]
[PlyCount "95"]
[EventDate "2016.??.??"]
[EventCountry "AZE"]
[SourceTitle "playchess.com"]
[Source "ChessBase"]
[WhiteTeam "Vietnam"]
[BlackTeam "Bangladesh"]
[WhiteTeamCountry "VIE"]
[BlackTeamCountry "BAN"]
[TimeControl "40/5400+30:1800+30"]

1. e4 {(00:00)} c5 {(00:00)} 2. Nf3 {(00:00)} e6 {(
00:00)} 3. c4 {(00:00)} d6 {(00:32)} 4. Nc3 {(00:19)} Nf6
{(00:19)} 5. Be2 {(00:16)} Be7 {(00:09)} 6. d4 {(
00:44)} cxd4 {(00:07)} 7. Nxd4 {(00:07)} O-O {(00:46)} 8.
O-O {(00:07)} Nc6 {(03:05)} 9. Be3 {(00:13)} Nxd4 {
(01:30)} 10. Qxd4 {(01:55)} e5 {(02:41)} 11. Qd3 {(
02:33)} Be6 {(00:32)} 12. Rfd1 {(02:26)} a6 {(06:55)} 13.
Rac1 {(06:09)} Rc8 {(01:07)} 14. Nd5 {(01:37)} Bxd5 {
(03:32)} 15. exd5 {(00:55)} Qd7 {(01:13)} 16. h3 {(
09:12)} Ne8 {(16:36)} 17. b4 {(06:53)} f5 {(00:44)} 18. c5
{(08:50)} Nf6 {(02:32)} 19. c6 {(05:49)} bxc6 {(05:
15)} 20. dxc6 {(00:24)} Rxc6 {(00:16)} 21. Rxc6 {(00:22)}
Qxc6 {(00:06)} 22. Qxf5 {(04:46)} Qb7 {(06:55)} 23. a3 {
(03:24)} Kh8 {(00:28)} 24. Qd3 {(03:41)} Ra8 {(02:
08)} 25. Bg5 {(01:22)} e4 {(04:38)} 26. Qd4 {(01:40)} Rc8
{(04:15)} 27. Bxf6 {(04:30)} gxf6 {(00:08)} 28. Bg4 {
(04:19)} Rg8 {(10:17)} 29. Be6 {(02:13)} Rg7 {(00:
13)} 30. Bd5 {(02:06)} Qd7 {(02:10)} 31. Qxe4 {(01:22)}
Qa4 {(02:45)} 32. Rc1 {(01:06)} Qd7 {(13:44)} 33. Be6 {
(02:51)} Qe8 {(00:30)} 34. Bf5 {(05:56)} Qh5 {(02:
40)} 35. g4 {(00:58)} Bf8 {(03:43)} 36. Rc8 {(00:45)} Qf7
{(00:07)} 37. Qe8 {(03:39)} Qxe8 {(03:37)} 38. Rxe8 {
(00:06)} Rf7 {(00:12)} 39. Be6 {(00:07)} Kg7 {(00:
10)} 40. Bxf7 {(00:00)} Kxf7 {(00:00)} 41. Ra8 {(00:17)}
Bh6 {(00:24)} 42. Rxa6 {(00:33)} Ke6 {(00:01)} 43. b5 {
(01:49)} Bf4 {(00:40)} 44. a4 {(01:38)} Ke5 {(01:
35)} 45. b6 {(00:34)} d5 {(00:03)} 46. b7 {(00:40)} Ke4 {
(00:28)} 47. Re6+ {(00:31)} Kd3 {(00:09)} 48. Rxf6 {
(00:20)} 1-0